 Dungeon Crawl Stone Soup version 0.27-b1-41-gafb5482f4b (webtiles) character file.

Game seed: 12262716036366293886

205 ubername the Chiller (level 5, -2/35 HPs)
             Began as a Barachi Ice Elementalist on July 26, 2021.
             Slain by Grinder (6 damage)
             ... while paralysed by Grinder
             ... on level 3 of the Dungeon on July 28, 2021.
             The game lasted 00:10:31 (3529 turns).

ubername the Chiller (Barachi Ice Elementalist)     Turns: 3529, Time: 00:10:31

Health: -2/35      AC:  8    Str:  9    XL:     5   Next: 83%
Magic:  6/10       EV:  2    Int: 17    God:
Gold:   101        SH:  0    Dex: 12    Spells: 3/10 levels left

rFire    . . .     SeeInvis .   j - +0 dagger (flame)
rCold    . . .     Faith    .   (no shield)
rNeg     . . .     Spirit   .   k - +0 leather armour
rPois    .         Reflect  .   (no helmet)
rElec    .         Harm     .   (no cloak)
rCorr    +         Rampage  .   (no gloves)
Will     .....                  (no boots)
Stlth    ++........             (no amulet)
HPRegen  0.11/turn              g - ring of resist corrosion
MPRegen  0.12/turn              (no ring)

@: paralysed, ice-armoured, slow
A: amphibious, slowness 1, strong legs 1, +LOS
a: Hop


You were on level 3 of the Dungeon.
You visited 1 branch of the dungeon, and saw 3 of its levels.

You collected 101 gold pieces.

Inventory:

Hand Weapons
 a - a +0 hunting sling
 b - a +2 short sword of draining
 j - a +0 dagger of flaming (weapon)
Missiles
 c - 71 stones (quivered)
Armour
 h - a +0 robe
 k - a +0 leather armour (worn)
Magical Staves
 o - a staff of air
Jewellery
 g - a ring of resist corrosion (left hand)
Scrolls
 e - a scroll of magic mapping
 m - a scroll of fog {unknown}
Potions
 d - a potion of ambrosia
 i - a potion of curing
 l - a potion of invisibility
 n - a potion of brilliance {unknown}


   Skills:
 + Level 0.1(1.1) Short Blades
 * Level 2.1 Long Blades
 + Level 0.5 Throwing
 * Level 2.1 Armour
 + Level 2.3 Dodging
 + Level 2.0 Stealth
 + Level 3.4 Spellcasting
 + Level 6.3 Ice Magic


You had 3 spell levels left.
You knew the following spells:

 Your Spells              Type           Power      Damage    Failure   Level
a - Freeze                Ice            96%        1d11      1%          1
b - Frozen Ramparts       Ice            48%        1d6       4%          3
c - Ozocubu's Armour      Ice            24%        N/A       4%          3

Your spell library contained the following spells:

 Spells                   Type           Power      Damage    Failure   Level
 Animate Skeleton         Necr           4%         N/A       22%         1
 Pain                     Necr           8%         1d4       22%         1
 Vampiric Draining        Necr           1%         2d6       56%         3
 Hailstorm                Conj/Ice       13%        3d5       52%         4


Dungeon Overview and Level Annotations

Branches:
Dungeon (3/15)

Altars:

Annotations:
D:3 Grinder


Innate Abilities, Weirdness & Mutations

You are amphibious.
You cover ground slowly.
You can hop short distances.
You have an extended range of vision and can be seen from far away.


Message History

You hit Grinder but do no damage.
Grinder is moderately wounded.
Grinder hits you but does no damage.
You closely miss Grinder.
Grinder is moderately wounded.
Grinder hits you but does no damage.
You closely miss Grinder.
Grinder is moderately wounded.
You hit Grinder but do no damage.
Grinder is moderately wounded.
Grinder hits you!
You hit Grinder but do no damage.
Grinder is moderately wounded.
Grinder barely misses you.
You hit Grinder but do no damage.
Grinder is moderately wounded.
Grinder hits you but does no damage.
You hit Grinder. You burn Grinder.
Grinder is moderately wounded.
Grinder gestures at you. Pain shoots through your body!
* * * LOW HITPOINT WARNING * * *
You hit Grinder. You burn Grinder.
Grinder is moderately wounded.
Grinder hits you.
* * * LOW HITPOINT WARNING * * *
Your icy armour will break if you move.
Continue?
Okay, then.
Unknown command.
Okay, then.
You feel much better. Grinder gestures at you.
You suddenly lose the ability to move!
Grinder gestures at you. Pain shoots through your body!
* * * LOW HITPOINT WARNING * * *
Grinder hits you.
* * * LOW HITPOINT WARNING * * *
You writhe in agony.
You die...

## #........ .# #........
.# #........ .##
#.>...#.. ..# #.....#..
..# #.....#..
..#######################
........................(
.########.#.....@5......(
.# #.############... .#
#.# ## #.# #.# #.# #.#
#.# #.#


You could see Grinder.

Vanquished Creatures
  An ogre (D:2)
  3 gnolls (D:2)
  3 adders (D:2)
  A worm (D:2)
  3 dart slugs (D:1)
  An orc (D:3)
  3 ball pythons
  3 bats
  7 endoplasms
  A giant cockroach (D:1)
  4 goblins
  4 hobgoblins
  4 jackals (D:2)
  8 kobolds
  A quokka (D:1)
  2 frilled lizards
  5 rats
54 creatures vanquished.

Notes
Turn   | Place    | Note
-------+----------+-------------------------------------------
     0 | D:1      | ubername the Barachi Ice Elementalist began the quest for
                  | the Orb.
     0 | D:1      | Reached XP level 1. HP: 13/13 MP: 3/3
     0 | D:1      | Upgraded the game from 0.27-b1-16-g6517624069 to
                  | 0.27-b1-41-gafb5482f4b
    76 | D:1      | Reached skill level 5 in Ice Magic
   286 | D:1      | Reached XP level 2. HP: 9/19 MP: 1/5
   869 | D:1      | Reached XP level 3. HP: 24/24 MP: 6/6
   873 | D:1      | Learned a level 3 spell: Frozen Ramparts
  1238 | D:1      | Reached skill level 1 in Long Blades
  1512 | D:2      | Learned a level 3 spell: Ozocubu's Armour
  1564 | D:2      | Reached XP level 4. HP: 13/30 MP: 0/8
  2034 | D:2      | Noticed an ogre
  2041 | D:2      | Killed an ogre
  2042 | D:2      | Reached skill level 1 in Armour
  2042 | D:2      | Reached skill level 6 in Ice Magic
  2042 | D:2      | Reached XP level 5. HP: 15/35 MP: 0/10
  3501 | D:3      | Noticed Grinder
  3505 | D:3      | Paralysed by Grinder for 6 turns
  3527 | D:3      | Paralysed by Grinder for 7 turns
  3529 | D:3      | Slain by Grinder

Illustrated notes

Levels and vault maps discovered:
D:1:      minmay_arrival_four_houses, layout_basic, minmay_misc_feat_tower,
          minmay_heptomino_l4
D:2:      layout_loops_ring
D:3:      minmay_recursive_quarters, layout_basic,
          amcnicky_mini_corridor_feature, uniq_grinder

Skill      XL: |  1  2  3  4  5 |
---------------+----------------+-----
Ice Magic      | 5 6 |  6.3
Long Blades    | 1 2 |  2.1
Spellcasting   | 3 |  3.4
Armour         | 1 2 |  2.1
Stealth        | 2 |  2.0
Short Blades   | |  0.1
Throwing       | |  0.5
Dodging        | |  2.3

Action                   |  1- 3 |  4- 6 || total
-------------------------+-------+-------++-------
Melee: Unarmed           |     4 |       ||     4
       Club              |     5 |       ||     5
       Short sword       |    11 |    14 ||    25
       Dagger            |       |    13 ||    13
 Fire: Hunting sling     |       |    13 ||    13
Throw: Stone             |    30 |     9 ||    39
 Cast: Freeze            |    40 |     9 ||    49
       Frozen Ramparts   |     1 |    14 ||    15
       Ozocubu's Armour  |       |     7 ||     7
 Abil: Hop               |       |     1 ||     1
  Use: Scroll            |       |    10 ||    10
       Potion            |       |     1 ||     1
 Stab: Sleeping          |     2 |       ||     2
Armor: Robe              |     7 |       ||     7
       Leather armour    |       |    11 ||    11
Dodge: Dodged            |    33 |    15 ||    48
